[Event "Team 45 45 League T32"]
[Site "Internet Chess Club"]
[Date "2007.02.09"]
[Round "4"]
[White "fantanaranja"]
[Black "Qualm"]
[Result "0-1"]
[WhiteElo "1764"]
[BlackElo "1856"]
[ECO "E92"]
[TimeControl "2700+45"]

1. d4 Nf6 2. Nf3 g6 3. c4 Bg7 4. Nc3 d6 5. e4 O-O 6. Be2 e5 7. dxe5 dxe5 8. Qxd8
Rxd8 9. Nxe5 Re8 10. f4 Nxe4 11. Nxe4 f6 12. Nxf6+ Bxf6 13. Nf3 Nc6 14. Kf2 Bf5
15. Rd1 Bc2 16. Rd7 Rac8 17. a4 Bf5 18. Rd2 Rcd8 19. Ra3 Rxd2 20. Nxd2 Bd4+ 21.
Kf1 Bc5 22. Rg3 Nd4 23. Bd3 Bxd3+ 24. Rxd3 Ne2 25. Nb3 Nxc1 26. Nxc5 Nxd3 27.
Nxd3 Re3 28. Nc5 b6 29. Kf2 Re7 30. Nd3 a5 31. Kf3 Kg7 32. g4 h6 33. Ne5 g5 34.
Nd3 Kf6 35. c5 Rd7 36. Ke4 Rd8 37. h3 Re8+ 38. Kf3 Re6 39. f5 Re8 40. b3 h5 41.
cxb6 hxg4+ 42. hxg4 cxb6 43. Nf2 Ke5 44. Ne4 Rg8 45. Nd2 Kd4 46. Nc4 Kc5 47. Ne5
Kb4 48. Ke4 Kxb3 49. f6 Kxa4 50. Nd7 b5 51. f7 Rh8 52. Kd3 Kb3 53. Nc5+ Kb2 54.
Kd4 Rf8 55. Nd3+ Kc2 56. Ne1+ Kb1 57. Kc5 Rxf7 58. Kxb5 Rf4 59. Kxa5 Rxg4 60.
Kb5 Rg3 61. Kc4 Kc1 62. Nd3+ Kd2 63. Nf2 Ke3 64. Nd3 Rg1 65. Ne5 g4 {White
resigns} 0-1

[Event "Team 45 45 League T32"]
[Site "Internet Chess Club"]
[Date "2007.02.09"]
[Round "4"]
[White "siddhu"]
[Black "egd01"]
[Result "1-0"]
[WhiteElo "1827"]
[BlackElo "1477"]
[ECO "B22"]
[TimeControl "2700+45"]

1. e4 c5 2. c3 e6 3. d4 d5 4. exd5 exd5 5. Nf3 Bg4 6. Be2 Nf6 7. Bg5 Nc6 8. h3
Bh5 9. Nbd2 Be7 10. O-O cxd4 11. Nxd4 Bxe2 12. Qxe2 Nxd4 13. cxd4 O-O 14. Rfe1
Re8 15. Qb5 h6 16. Bxf6 Bxf6 17. Nf3 b6 18. Kf1 a6 19. Rxe8+ Qxe8 20. Qxd5 Rd8
21. Qc4 b5 22. Qc3 Qe4 23. Re1 Qd5 24. a3 Bxd4 25. Nxd4 Qxd4 26. Re8+ Kh7 27.
Qxd4 Rxd4 28. Ke2 Kg6 29. Ke3 Rd6 30. Re4 Kf6 31. Rd4 Re6+ 32. Kd3 Rc6 33. a4
bxa4 34. Rxa4 Ke6 35. Rc4 Kd5 36. Rxc6 Kxc6 37. Kc4 f5 38. f4 g5 39. g3 Kd6 40.
Kd4 Ke6 41. Kc5 a5 42. b3 g4 43. h4 h5 44. Kc6 Ke7 45. Kd5 Kf6 46. Kd6 Kf7 47.
Ke5 Ke7 48. Kxf5 Kf7 49. Kg5 Kg7 50. Kxh5 Kh7 {Black resigns} 1-0

[Event "Team 45 45 League T32"]
[Site "Internet Chess Club"]
[Date "2007.02.10"]
[Round "4"]
[White "arriero55"]
[Black "clarnibass"]
[Result "0-1"]
[WhiteElo "1568"]
[BlackElo "1703"]
[ECO "C03"]
[TimeControl "2700+45"]

1. e4 e6 2. d4 d5 3. Nd2 dxe4 4. Nxe4 Nd7 5. Nc3 Ngf6 6. Nf3 Bb4 7. Bd3 O-O 8.
O-O b6 9. Ne2 Bb7 10. Ng3 Re8 11. c3 Bd6 12. Nh5 Nxh5 13. Bxh7+ Kxh7 14. Ng5+
Kg6 15. g4 Nf4 16. Bxf4 Bxf4 17. Nh3 Qf6 18. Qd3+ Kh6 19. f3 Rad8 20. Kf2 Qh4+
{White resigns} 0-1

[Event "Team 45 45 League T32"]
[Site "Internet Chess Club"]
[Date "2007.02.11"]
[Round "4"]
[White "eltorpe"]
[Black "EdBorowski"]
[Result "0-1"]
[WhiteElo "1878"]
[BlackElo "1941"]
[ECO "A11"]
[TimeControl "2700+45"]

1. c4 c6 2. g3 Nf6 3. Bg2 d5 4. cxd5 cxd5 5. d4 Nc6 6. Nc3 e6 7. Nf3 Bb4 8. O-O
O-O 9. Bg5 h6 10. Bf4 Bd6 11. Bxd6 Qxd6 12. Rc1 b6 13. Nb5 Qd7 14. a3 Ba6 15.
Nc3 Rac8 16. Re1 Na5 17. b4 Nc4 18. Qb3 b5 19. a4 bxa4 20. Nxa4 Bb5 21. Nc5 Qd6
22. Ra1 a6 23. Qa2 Ra8 24. e4 Qc7 25. e5 Nd7 26. Nb3 Nb8 27. Nc5 Nc6 28. Qb3 a5
29. bxa5 Rxa5 30. Rxa5 Qxa5 31. Rb1 Rb8 32. Nd7 Rb7 33. Nc5 Rb6 34. Qd1 Ba4 35.
Nxa4 Rxb1 36. Qxb1 Qxa4 37. Qb8+ Nxb8 {White resigns} 0-1

[Event "Team 45 45 League T32"]
[Site "Internet Chess Club"]
[Date "2007.02.11"]
[Round "4"]
[White "LennyH"]
[Black "mambomex"]
[Result "0-1"]
[WhiteElo "1876"]
[BlackElo "1787"]
[ECO "C64"]
[TimeControl "2700+45"]

1. e4 e5 2. Nf3 Nc6 3. Bb5 Bc5 4. O-O Nf6 5. c3 O-O 6. Re1 d6 7. h3 Bd7 8. a4 a6
9. Bc4 Na5 10. Ba2 Nc6 11. b4 Ba7 12. d3 b5 13. Bb3 Qe7 14. Nbd2 Nh5 15. Nf1 Nf4
16. Ne3 Qf6 17. Nd5 Nxd5 18. Bxd5 h6 19. Be3 Bxe3 20. fxe3 Qg6 21. Kh2 Ra7 22.
a5 Ne7 23. Bb3 Be6 24. Rf1 Bxb3 25. Qxb3 c6 26. Rae1 d5 27. Nh4 Qd6 28. g3 dxe4
29. dxe4 Qd3 30. Rf2 Qxe4 31. Ref1 Nd5 32. Nf5 Nxe3 33. Nxe3 Qxe3 34. Qc2 e4 35.
Rf4 Rd7 36. R1f2 Rd3 37. Rg4 f5 38. Qa2+ Kh8 39. Re2 Qf3 40. Rf2 fxg4 41. Rxf3
gxf3 {White resigns} 0-1

[Event "Team 45 45 League T32"]
[Site "Internet Chess Club"]
[Date "2007.02.10"]
[Round "4"]
[White "PiedraBuena"]
[Black "Wheels"]
[Result "1-0"]
[WhiteElo "1763"]
[BlackElo "1707"]
[ECO "A16"]
[TimeControl "2700+45"]

1. c4 Nf6 2. Nc3 g6 3. e4 d6 4. d3 Bg7 5. Be2 c5 6. f4 O-O 7. Nf3 Nc6 8. O-O Bd7
9. Rb1 Ne8 10. Kh1 f5 11. Nd5 Nf6 12. Ne3 fxe4 13. dxe4 Kh8 14. f5 Nxe4 15. fxg6
Nf6 16. gxh7 Nxh7 17. Nd5 Ne5 18. Nf4 Qe8 19. Nxe5 Bxe5 20. Bh5 Qc8 21. Ng6+ Kg7
22. Nxf8 Nxf8 23. Rf7+ Kg8 24. Bh6 Qc6 25. Qd3 Be6 26. Rxf8+ Rxf8 27. Qg6+
{Black resigns} 1-0

[Event "Team 45 45 League T32"]
[Site "Internet Chess Club"]
[Date "2007.02.10"]
[Round "4"]
[White "Sean"]
[Black "chipionero"]
[Result "0-1"]
[WhiteElo "1611"]
[BlackElo "1690"]
[ECO "A30"]
[TimeControl "2700+45"]

1. Nf3 c5 2. c4 d6 3. g3 Nf6 4. Bg2 e6 5. Nc3 Be7 6. d3 a6 7. O-O O-O 8. a3 Nc6
9. Rb1 Qc7 10. b4 cxb4 11. axb4 d5 12. cxd5 Nxb4 13. Qb3 Nbxd5 14. Nxd5 Nxd5 15.
Bd2 Rd8 16. Rfc1 Qd7 17. Ba5 Re8 18. Ne5 Qd6 19. Nc4 Qb8 20. Nb6 Nxb6 21. Bxb6
Bd8 22. Bxd8 Rxd8 23. Bxb7 Bxb7 24. Qxb7 Qxb7 25. Rxb7 Rdb8 26. Rd7 a5 27. Ra1
a4 28. Ra3 Rb4 29. Rc7 Kf8 30. Rcc3 Rab8 31. Rc1 Rb1 32. Rxb1 Rxb1+ 33. Kg2 Rb4
34. Kf3 Ke7 35. Ke3 Kd6 36. Kd2 Kc5 37. Kc3 Kb5 38. e3 Rb1 39. Ra2 Rb3+ 40. Kc2
Kb4 41. d4 a3 42. e4 Rf3 43. Kb1 Kb3 44. d5 Rd3 45. Rc2 Rd1+ 46. Rc1 Rxc1+ 47.
Kxc1 a2 48. d6 a1=Q+ 49. Kd2 Qd4+ {White resigns} 0-1

[Event "Team 45 45 League T32"]
[Site "Internet Chess Club"]
[Date "2007.02.12"]
[Round "4"]
[White "Ozgur-Bjk"]
[Black "BaroneRosso"]
[Result "1-0"]
[WhiteElo "2140"]
[BlackElo "2011"]
[ECO "E12"]
[TimeControl "2700+45"]

1. d4 Nf6 2. c4 e6 3. Nf3 b6 4. Bg5 h6 5. Bh4 Be7 6. Nc3 c5 7. e3 Bb7 8. Bd3
cxd4 9. exd4 O-O 10. O-O d5 11. cxd5 Nxd5 12. Bxe7 Qxe7 13. Rc1 Nd7 14. Re1 Nxc3
15. bxc3 Rac8 16. Ne5 Nf6 17. Qa4 a6 18. Qb3 Rb8 19. f4 Nd7 20. Qc2 Nxe5 21.
Rxe5 Qf6 22. f5 exf5 23. Rxf5 Qd6 24. Rcf1 Rbc8 25. Qb3 Qc6 26. R5f3 b5 27. Bb1
Rce8 28. Qc2 Qe4 29. Qf2 Qe2 30. Rxf7 Qxf2+ 31. R7xf2 Rxf2 32. Kxf2 Bd5 33. g3
Rc8 34. Rc1 b4 35. Ke3 bxc3 36. Kf4 Kf7 37. Ke5 Be6 38. d5 Rc5 39. Be4 Ke7 40.
Kd4 Ra5 41. dxe6 Rxa2 42. Rxc3 Rxh2 43. Bd5 Rd2+ 44. Rd3 Re2 45. Rf3 Rd2+ 46.
Ke5 Re2+ 47. Be4 Rd2 48. Rf7+ Ke8 49. Rxg7 Rb2 50. Kf6 Rf2+ 51. Bf5 {Black
resigns} 1-0

[Event "Team 45 45 League T32"]
[Site "Internet Chess Club"]
[Date "2007.02.10"]
[Round "4"]
[White "cascarillo"]
[Black "Ser-Enigma"]
[Result "0-1"]
[WhiteElo "1975"]
[BlackElo "2070"]
[ECO "B33"]
[TimeControl "2700+45"]

1. e4 c5 2. Nf3 Nc6 3. d4 cxd4 4. Nxd4 Nf6 5. Nc3 e5 6. Nf5 d6 7. Bc4 Bxf5 8.
exf5 Nd4 9. O-O d5 10. Nxd5 Nxd5 11. c3 Nxc3 12. bxc3 Nc6 13. Qh5 Qf6 14. Qg5
Be7 15. Qxf6 Bxf6 16. Rb1 b6 17. Ba3 Be7 18. Bxe7 Kxe7 19. Bd5 Rac8 20. Rfe1 Kf6
21. g4 Ne7 22. Bb7 Rc7 23. Ba6 h5 24. Rbd1 hxg4 25. Rd6+ Kg5 26. Rxe5 f6 27. Re3
Nxf5 28. Rd5 Kf4 29. Re2 Rxc3 30. Bd3 Rc1+ {White resigns} 0-1

[Event "Team 45 45 League T32"]
[Site "Internet Chess Club"]
[Date "2007.02.10"]
[Round "4"]
[White "DeLaSalle"]
[Black "camembert"]
[Result "0-1"]
[WhiteElo "1974"]
[BlackElo "1944"]
[ECO "A01"]
[TimeControl "2700+45"]

1. b3 e5 2. Bb2 Nc6 3. e3 Nf6 4. c4 Be7 5. a3 O-O 6. Qc2 Re8 7. d3 d5 8. cxd5
Nxd5 9. Nf3 Bd6 10. Be2 Qf6 11. O-O Bg4 12. Nbd2 Qg6 13. Ne4 Rad8 14. Nxd6 cxd6
15. Nh4 Qh5 16. Bxg4 Qxg4 17. Nf3 Qg6 18. Rac1 Rc8 19. Qd2 Qe6 20. b4 h6 21. Rc2
Nb6 22. Rfc1 Na4 23. b5 Ne7 24. Qb4 Nxb2 25. Qxb2 Rxc2 26. Rxc2 Rc8 27. Nd2 Qd5
28. Rxc8+ Nxc8 29. Qb3 Nb6 30. Qxd5 Nxd5 31. Nc4 Nc3 32. Nxd6 Kf8 33. Nxb7 Nxb5
34. a4 Nc3 35. a5 Ke7 36. Kf1 Kd7 37. Nc5+ Kc6 38. Nb3 Kb5 39. Nd2 Kxa5 40. Nc4+
Kb4 41. Nxe5 a5 42. Ke1 a4 43. Kd2 Kb3 44. Nc4 Ne4+ 45. Ke2 Nc3+ 46. Kd2 Ne4+
47. Ke2 Nd6 48. Nd2+ Kc2 49. Nf3 a3 50. Nd4+ Kb2 51. Kd2 a2 52. Nc2 Nb5 53. d4
Na3 54. Na1 Nb1+ 55. Kd3 Na3 56. Kd2 Nb1+ 57. Kd1 Nc3+ 58. Kd2 Ne4+ 59. Kd3
Nxf2+ 60. Kd2 Ne4+ 61. Kd1 Nf2+ 62. Kd2 Ne4+ 63. Kd1 Nc3+ 64. Kd2 f5 65. Nc2 Nd5
66. Na1 Nxe3 67. g3 g6 68. h3 g5 69. d5 Nxd5 {White resigns} 0-1

[Event "Team 45 45 League T32"]
[Site "Internet Chess Club"]
[Date "2007.02.09"]
[Round "4"]
[White "room-matt"]
[Black "SneakyRed"]
[Result "1/2-1/2"]
[WhiteElo "1854"]
[BlackElo "1834"]
[ECO "B10"]
[TimeControl "2700+45"]

1. e4 c6 2. c4 d5 3. cxd5 cxd5 4. exd5 Nf6 5. Nc3 g6 6. Bc4 Bg7 7. Nf3 O-O 8.
O-O Na6 9. d4 Nc7 10. Qb3 b6 11. Ne5 Bb7 12. d6 Qxd6 13. Bxf7+ Kh8 14. Be3 e6
15. Bxg6 hxg6 16. Nxg6+ Kg8 17. Nxf8 Rxf8 18. f3 Nfd5 19. Ne4 Qe7 20. Bf2 Kf7
21. a3 Rh8 22. Rad1 Qd7 23. Bg3 Bc6 24. Nd6+ Kg8 25. Qd3 Nb5 26. Nc4 Bxd4+ 27.
Kh1 Bg7 28. Ne5 Qb7 29. Nxc6 Qxc6 30. Rc1 Qe8 31. Rc2 Nd4 32. Rd2 Nf5 33. Bf2
Qb8 34. h3 Ng3+ 35. Bxg3 Qxg3 36. f4 Qxd3 37. Rxd3 Bxb2 38. Rb3 Bd4 39. Rd3 Bc5
40. f5 Ne3 41. Rf3 Nxf5 42. Rd8+ Kh7 43. Rd7+ Kg6 44. Rxa7 Rd8 45. Kh2 Rd1 46.
g3 Rd2+ 47. Kh1 Rd1+ 48. Kh2 Rd2+ 49. Kh1 Rd1+ 50. Kh2 {Game drawn by
repetition} 1/2-1/2

[Event "Team 45 45 League T32"]
[Site "Internet Chess Club"]
[Date "2007.02.11"]
[Round "4"]
[White "SkinnyPuppy"]
[Black "fledermaus"]
[Result "0-1"]
[WhiteElo "2173"]
[BlackElo "2042"]
[ECO "B10"]
[TimeControl "2700+45"]

1. e4 c6 2. d3 d5 3. Nd2 e5 4. Qe2 Bd6 5. Ngf3 Nd7 6. g3 Ngf6 7. Bg2 O-O 8. O-O
Re8 9. Re1 Qc7 10. c3 dxe4 11. dxe4 Bf8 12. Nh4 Nc5 13. a4 a5 14. Nf5 Be6 15.
Nc4 Nb3 16. Rb1 Nxc1 17. Rbxc1 g6 18. Nfe3 Rad8 19. Rcd1 Bc5 20. Rxd8 Rxd8 21.
Rd1 Bxe3 22. Rxd8+ Qxd8 23. fxe3 Bxc4 24. Qxc4 Qd2 25. Qf1 Ng4 26. h3 Nxe3 27.
Qf2 Qxf2+ 28. Kxf2 Nxg2 29. Kxg2 f5 30. Kf3 Kf7 31. b4 b6 32. bxa5 bxa5 33. c4
Kf6 34. g4 Kg5 35. c5 fxg4+ 36. hxg4 Kh4 {White resigns} 0-1

[Event "Team 45 45 League T32"]
[Site "Internet Chess Club"]
[Date "2007.02.12"]
[Round "4"]
[White "ddlj81"]
[Black "PvsNP"]
[Result "1-0"]
[WhiteElo "1895"]
[BlackElo "1772"]
[ECO "C88"]
[TimeControl "2700+45"]

1. e4 e5 2. Nf3 Nc6 3. Bb5 a6 4. Ba4 Nf6 5. O-O b5 6. Bb3 Be7 7. Re1 O-O 8. a4
Bb7 9. d3 d6 10. Nbd2 Na5 11. Ba2 c5 12. Nf1 Re8 13. Ng3 Bf8 14. Nf5 c4 15. Bg5
g6 16. Nh6+ Bxh6 17. Bxh6 d5 18. exd5 Qxd5 19. Qd2 Ng4 20. Qg5 Nxh6 21. Qxh6 f5
22. Rad1 Rad8 23. Rd2 Qf7 24. dxc4 Bxf3 25. Rxd8 Rxd8 26. gxf3 Nxc4 27. Rxe5 Qf6
28. Rc5 Qb6 29. Bxc4+ bxc4 30. Rxc4 Qb7 31. Kg2 Re8 32. b4 Re2 33. Qg5 Qb6 34.
Rc8+ Kg7 35. Qg3 f4 36. Qh4 h6 37. Rc5 g5 38. Qh3 Qd6 39. Qc8 Rxf2+ 40. Kh3
Rxf3+ 41. Kg4 h5+ 42. Kxf3 g4+ 43. Ke4 Qe7+ 44. Re5 Qxb4+ 45. Kf5 Qf8+ 46. Qxf8+
{Black resigns} 1-0

[Event "Team 45 45 League T32"]
[Site "Internet Chess Club"]
[Date "2007.02.09"]
[Round "4"]
[White "Chief-Justice"]
[Black "vaibhav"]
[Result "0-1"]
[WhiteElo "1874"]
[BlackElo "2225"]
[ECO "A24"]
[TimeControl "2700+45"]

1. c4 Nf6 2. Nc3 e5 3. g3 g6 4. Bg2 Bg7 5. d3 h6 6. e3 Nc6 7. Nge2 d6 8. Bd2 Be6
9. O-O Qd7 10. Nd5 O-O 11. Qa4 a6 12. Qb3 Rab8 13. d4 Nh7 14. Bc3 f5 15. Rfd1 e4
16. Rac1 Bf7 17. Qa4 Kh8 18. b3 Ng5 19. Qa3 Nf3+ 20. Kh1 Ne7 21. Nxe7 Qxe7 22.
Bxf3 exf3 23. Ng1 g5 24. Qa5 b6 25. Qxa6 Ra8 26. Qb7 Rxa2 27. Qxf3 Ra3 28. Rb1
Bxc4 29. bxc4 Rxc3 30. Rdc1 Bxd4 31. Qh5 Bg7 32. Rxc3 Qe4+ 33. Qf3 Bxc3 34. Qxe4
fxe4 35. Kg2 Ra8 36. Ne2 Be5 37. Nd4 Ra4 38. Rc1 Bxd4 39. exd4 Kg7 40. Rc2 Kf6
41. f3 exf3+ 42. Kxf3 Kf5 43. g4+ Kf6 44. Ke4 c6 45. Rc3 Ke6 46. Kd3 Rb4 47. Ke3
d5 48. c5 bxc5 49. Rxc5 Rb3+ 50. Kd2 Kd6 51. Rc1 Rb2+ 52. Kc3 Rxh2 53. Rf1 Re2
54. Rf6+ Re6 55. Rf8 Ke7 56. Rh8 Kf7 57. Rh7+ Kg6 58. Rh8 Kg7 59. Rc8 Kf7 60.
Rh8 Ke7 61. Kb4 Kd6 62. Rd8+ Kc7 63. Rh8 Kb6 64. Rb8+ Kc7 65. Rh8 Kd7 66. Kc5
Ke7 67. Rh7+ Ke8 68. Rg7 Kf8 69. Rh7 Rf6 70. Rd7 h5 71. gxh5 g4 72. Rb7 Kg8 73.
Rb3 Rf3 74. Rb2 Rf5 75. Rg2 Rg5 76. Kxc6 g3 77. Kd6 Kg7 78. Ke6 Kh6 79. Rxg3
Rxg3 80. Kxd5 Kxh5 81. Ke6 Kg6 82. d5 Re3+ 83. Kd7 Kf6 84. d6 Rd3 {White
resigns} 0-1

[Event "Team 45 45 League T32"]
[Site "Internet Chess Club"]
[Date "2007.02.10"]
[Round "4"]
[White "Ben85"]
[Black "crispin"]
[Result "1-0"]
[WhiteElo "1943"]
[BlackElo "1762"]
[ECO "C50"]
[TimeControl "2700+45"]

1. e4 e5 2. Bc4 Bc5 3. Nf3 Nc6 4. d4 Nxd4 5. Nxe5 Ne6 6. Bxe6 Qf6 7. Bxf7+ Kf8
8. Nd3 Qxf7 9. Nxc5 d6 10. Nd3 Nf6 11. Nc3 Bg4 12. f3 Bh5 13. O-O Re8 14. Qe1 d5
15. e5 Nd7 16. Qg3 Bg6 17. f4 Bf5 18. Bd2 h5 19. Rae1 Qe6 20. Be3 b6 21. Nb5 Rc8
22. Nxa7 Ra8 23. Nb5 Rxa2 24. Nxc7 Qc6 25. Nb4 Qxc7 26. Nxa2 Rh6 27. Bd4 Rg6 28.
Qc3 Qb7 29. e6 Nc5 30. Bxc5+ bxc5 31. Qxc5+ Ke8 32. Nb4 d4 33. Qc6+ {Black
resigns} 1-0

[Event "Team 45 45 League T32"]
[Site "Internet Chess Club"]
[Date "2007.02.10"]
[Round "4"]
[White "Tomate"]
[Black "JimGaming"]
[Result "0-1"]
[WhiteElo "1353"]
[BlackElo "1363"]
[ECO "C62"]
[TimeControl "2700+45"]

1. e4 e5 2. Nf3 Nc6 3. Bb5 d6 4. Bxc6+ bxc6 5. O-O Qf6 6. d3 Bg4 7. Bg5 Bxf3 8.
Bxf6 Bxd1 9. Rxd1 Nxf6 10. Nd2 d5 11. Re1 Bd6 12. Nb3 d4 13. c3 c5 14. Na5 Kd7
15. Nc4 Ke6 16. f4 Ng4 17. h3 Ne3 18. f5+ Kd7 19. Nxe3 dxe3 20. Rxe3 c4 21. Rf3
c5 22. dxc4 Ke7 23. a3 a5 24. g4 f6 25. Rd1 a4 26. Rfd3 Ra6 27. Kg2 Rb8 28. R1d2
Rab6 29. Kg3 g6 30. Kf2 gxf5 31. gxf5 Rg8 32. Ke1 h5 33. Kd1 h4 34. Kc2 Rg3 35.
Rd1 Rxd3 36. Rxd3 Rb8 37. Re3 Rg8 38. Rd3 Rg3 39. b4 axb3+ {White resigns} 0-1

[Event "Team 45 45 League T32"]
[Site "Internet Chess Club"]
[Date "2007.02.08"]
[Round "4"]
[White "Hastings"]
[Black "Visin"]
[Result "1-0"]
[WhiteElo "1378"]
[BlackElo "1232"]
[ECO "C30"]
[TimeControl "2700+45"]

1. e4 e5 2. f4 d6 3. Nf3 a6 4. fxe5 dxe5 5. Nxe5 Qe7 6. Nf3 Qxe4+ 7. Qe2 Bf5 8.
Nc3 Qxe2+ 9. Bxe2 Nc6 10. d3 O-O-O 11. Bd2 Nf6 12. O-O-O Ng4 13. Rdf1 Be6 14.
Ng5 Nge5 15. Nxe6 fxe6 16. Ne4 Be7 17. Ng5 Bxg5 18. Bxg5 Rdf8 19. Rxf8+ Rxf8 20.
Rf1 Rxf1+ 21. Bxf1 Ng4 22. h3 Nge5 23. c3 h6 24. Bf4 g5 25. Bh2 Kd7 26. d4 Nc4
27. Bxc4 b5 28. Bd3 Ne7 29. Kd2 Nf5 30. Bxf5 exf5 31. g3 c6 32. Ke3 Ke6 33. Kd3
Kd5 34. Bg1 h5 35. Be3 g4 36. h4 a5 37. Bf2 a4 38. Be3 Ke6 39. c4 Kd6 40. Bf4+
Ke6 41. Kc3 Kd7 42. Kb4 Ke6 43. cxb5 cxb5 44. Kxb5 Kd5 45. Kxa4 Kxd4 46. Kb5
{Black resigns} 1-0

[Event "Team 45 45 League T32"]
[Site "Internet Chess Club"]
[Date "2007.02.11"]
[Round "4"]
[White "SaintCRUIX"]
[Black "Cataclysm"]
[Result "0-1"]
[WhiteElo "1315"]
[BlackElo "1232"]
[ECO "B22"]
[TimeControl "2700+45"]

1. e4 c5 2. c3 d5 3. exd5 Qxd5 4. c4 Qe5+ 5. Be2 Bg4 6. h3 Bh5 7. d3 Bxe2 8.
Nxe2 Nc6 9. Nc3 Qh5 10. O-O e6 11. a3 Rd8 12. Qc2 Bd6 13. Be3 Nge7 14. d4 cxd4
15. Nxd4 Nxd4 16. Bxd4 Nc6 17. Bxa7 Nxa7 18. Qa4+ Nc6 19. Rad1 Qe5 20. g3 O-O
21. Rde1 Qd4 22. Kh2 Ne5 23. Re3 Nxc4 24. b3 Nxe3 25. Qxd4 Bxg3+ 26. fxg3 Rxd4
27. Re1 Rd3 28. Nb5 Rd2+ 29. Kg1 Nf5 30. g4 Nh4 31. a4 Nf3+ 32. Kf1 Nxe1 33.
Kxe1 Rd3 34. b4 Rxh3 35. a5 Rc8 36. Nd4 Rd8 37. Ne2 Rh4 {White resigns} 0-1

[Event "Team 45 45 League T32"]
[Site "Internet Chess Club"]
[Date "2007.02.10"]
[Round "4"]
[White "Gemcutter"]
[Black "Tom45"]
[Result "1-0"]
[WhiteElo "1211"]
[BlackElo "1257"]
[ECO "D30"]
[TimeControl "2700+45"]

1. d4 d5 2. c4 e6 3. Nf3 Nf6 4. Bg5 Bb4+ 5. Nbd2 O-O 6. e3 Bxd2+ 7. Nxd2 b6 8.
Rc1 c5 9. cxd5 exd5 10. Nf3 Bg4 11. Be2 Nc6 12. Ne5 Bxe2 13. Qxe2 Qd6 14. Bf4
Qe6 15. O-O c4 16. Nxc6 Qxc6 17. b3 b5 18. f3 a5 19. Qe1 a4 20. Qg3 Nh5 21. Qg4
Nxf4 22. Qxf4 axb3 23. axb3 Rfe8 24. Ra1 Rxa1 25. Rxa1 h6 26. Rc1 Qa6 27. bxc4
bxc4 28. Qf5 Qa3 29. Re1 c3 30. Qc2 Qb2 31. Qxb2 cxb2 32. Rb1 Rxe3 33. Rxb2 Rd3
34. Rb4 Rd1+ 35. Kf2 f5 36. Ke2 Ra1 37. Rb5 Ra2+ 38. Kf1 Rd2 39. Rxd5 g6 40. Rd7
Kh8 41. h4 h5 42. g3 Rd3 43. Ke2 Ra3 44. d5 Ra8 45. Ke3 Ra3+ 46. Kf4 Ra4+ 47.
Kg5 Ra3 48. Kxg6 Ra8 49. d6 Rg8+ 50. Kxf5 Rxg3 51. Ke6 Rxf3 52. Rf7 Re3+ 53. Kf6
Rd3 54. d7 Kg8 55. Re7 Rd6+ 56. Ke5 Rd2 57. Ke6 Re2+ 58. Kd6 Rd2+ 59. Kc7 Rc2+
60. Kd8 Ra2 61. Ke8 Ra8+ 62. d8=Q Rxd8+ 63. Kxd8 Kf8 64. Ra7 Kg8 65. Re7 Kh8 66.
Kd7 Kg8 67. Ke6 Kh8 68. Kf6 Kg8 69. Ra7 Kh8 70. Kg6 Kg8 71. Ra8# {Black
checkmated} 1-0

[Event "Team 45 45 League T32"]
[Site "Internet Chess Club"]
[Date "2007.02.11"]
[Round "4"]
[White "zatopek1"]
[Black "moreffee"]
[Result "1-0"]
[WhiteElo "1385"]
[BlackElo "1363"]
[ECO "B50"]
[TimeControl "2700+45"]

1. e4 c5 2. Nf3 d6 3. Be2 Nc6 4. O-O Nf6 5. d3 g6 6. Bg5 Bg7 7. Nbd2 Bg4 8. h3
Bd7 9. c3 h6 10. Bh4 Qc8 11. Kh2 Nh5 12. Bg3 Nxg3 13. fxg3 Qc7 14. Nc4 g5 15.
Nfd2 O-O-O 16. Rxf7 Bf6 17. Bg4 Bxg4 18. Qxg4+ Kb8 19. Qf5 b5 20. Ne3 Ne5 21.
Nd5 Qb7 22. Rxf6 exf6 23. Qxf6 Qf7 24. Qxf7 Nxf7 25. Nf3 Ne5 26. Nxe5 dxe5 27.
Kg1 Rhf8 28. Ne7 Rxd3 29. Nc6+ Kc7 30. Nxe5 Rd2 31. Nf3 Re2 32. e5 Rxb2 33. a4
Rb8 34. axb5 R8xb5 35. Rxa7+ Rb7 36. Ra5 Kc6 37. Ra6+ R7b6 38. Ra4 Kd5 39. g4 c4
40. Kh2 Kc5 41. Nd4 Rf2 42. e6 Kd6 43. Rxc4 Rb7 44. Ra4 Ke7 45. Ra6 Rfb2 46.
Nf5+ Ke8 47. Rc6 Rb8 48. e7 R2b6 49. Rc4 Rg6 50. Kg3 Kf7 51. Kf3 Rf6 52. Rc7 Re8
53. Ke4 Re6+ 54. Kd5 R8xe7 55. Rxe7+ Rxe7 56. Nxe7 Kxe7 57. c4 Kd7 58. c5 Kc7
59. c6 Kb8 60. Kd6 Kc8 61. c7 {Black resigns} 1-0

[Event "Team 45 45 League T32"]
[Site "Internet Chess Club"]
[Date "2007.02.11"]
[Round "4"]
[White "Mississippian"]
[Black "Rubacchus"]
[Result "1-0"]
[WhiteElo "1401"]
[BlackElo "1380"]
[ECO "B16"]
[TimeControl "2700+45"]

1. e4 c6 2. d4 d5 3. Nc3 dxe4 4. Nxe4 Nf6 5. Nxf6+ gxf6 6. Nf3 Bg4 7. Be3 e6 8.
Be2 Bd6 9. Qd2 Qc7 10. h3 Bxf3 11. Bxf3 Nd7 12. c4 O-O-O 13. O-O Kb8 14. b4 f5
15. d5 Bh2+ 16. Kh1 f4 17. Bd4 e5 18. d6 Qc8 19. Bc3 f5 20. Kxh2 e4 21. Qxf4
exf3 22. Qxf3 Rdf8 23. Bxh8 Rxh8 24. Qxf5 c5 25. Rab1 cxb4 26. Rfe1 Rf8 27. Qe6
a6 28. Kg1 Re8 29. Qxe8 Qxe8 30. Rxe8+ Ka7 {Black resigns} 1-0

[Event "Team 45 45 League T32"]
[Site "Internet Chess Club"]
[Date "2007.02.11"]
[Round "4"]
[White "t-hobbes"]
[Black "wekabird"]
[Result "1-0"]
[WhiteElo "1285"]
[BlackElo "1287"]
[ECO "B13"]
[TimeControl "2700+45"]

1. e4 c6 2. d4 d5 3. exd5 cxd5 4. Bd3 h6 5. Nf3 Nf6 6. Bf4 e6 7. c4 Bb4+ 8. Nc3
Bxc3+ 9. bxc3 O-O 10. cxd5 Qxd5 11. O-O Nc6 12. Qd2 Ne7 13. Rfe1 Nf5 14. Be5 Nd7
15. c4 Qc6 16. d5 Qc5 17. Bc3 Nb6 18. Bb4 Qc7 19. Bxf8 Kxf8 20. Qb4+ Kg8 21.
Rac1 a5 22. Qb5 Bd7 23. Qb1 Qc5 24. Ne5 Nh4 25. Bh7+ Kf8 26. Nxd7+ Nxd7 27. dxe6
fxe6 28. Qe4 Qc6 29. Qxh4 g6 30. Qxh6+ Ke7 31. Qg7+ Kd6 32. c5+ Kc7 33. Red1 a4
34. Bxg6 Rd8 35. Qh7 Kc8 36. Rd6 Qc7 37. Rxe6 Qf4 38. Rd1 Qc4 39. Bf7 Kc7 40.
Rc6+ bxc6 41. Bxc4 Kc8 42. Be6 Kc7 43. Bxd7 Rxd7 44. Qxd7+ {Black resigns} 1-0

[Event "Team 45 45 League T32"]
[Site "Internet Chess Club"]
[Date "2007.02.10"]
[Round "4"]
[White "Riddari"]
[Black "AtomicDog"]
[Result "1/2-1/2"]
[WhiteElo "1263"]
[BlackElo "1433"]
[ECO "B90"]
[TimeControl "2700+45"]

1. e4 c5 2. Nf3 d6 3. d4 cxd4 4. Nxd4 Nf6 5. Nc3 a6 6. Nf3 Nbd7 7. Bc4 e6 8. Bg5
Be7 9. O-O b5 10. Bb3 Bb7 11. Re1 Qc7 12. a3 O-O 13. Qe2 Nc5 14. Bxf6 Bxf6 15.
Ba2 Rfd8 16. Rad1 d5 17. e5 Be7 18. b4 Nd7 19. Nb1 Rac8 20. Nd4 Qb6 21. Kh1 Rf8
22. f4 f6 23. c3 fxe5 24. fxe5 Rf7 25. Qg4 Nf8 26. Rf1 Rxf1+ 27. Rxf1 a5 28. Nd2
Rxc3 29. bxa5 Qa6 30. Nb1 b4 31. Qe2 Qxe2 32. Nxe2 Rc2 33. Nc1 Bg5 34. Bb3 Rxc1
35. Rxc1 Bxc1 36. axb4 Nd7 37. b5 Nxe5 38. a6 Ba8 39. b6 Be3 40. b7 Bxb7 41.
axb7 Ba7 42. Na3 Bb8 43. Ba4 Kf7 44. Nc2 Ke7 45. Nd4 Kd6 46. Kg1 Bc7 47. Kf2
Nd3+ 48. Ke3 Nc5 49. Nb5+ Ke5 50. Nxc7 Nxb7 51. Bc2 g6 52. h4 d4+ 53. Kf3 Nc5
54. g4 d3 55. Bb1 Kd4 56. Nb5+ Kc4 57. Nd6+ Kc3 58. Bxd3 Kxd3 59. Kf4 Kd4 60.
Kg5 Ne4+ 61. Kh6 Nxd6 62. Kxh7 e5 63. Kxg6 e4 64. h5 e3 65. h6 e2 66. h7 e1=Q
67. h8=Q+ Kc5 68. g5 Qe6+ 69. Qf6 Qe8+ 70. Kg7 Qd7+ 71. Kg8 Ne4 72. Qe5+ Kb6 73.
Qxe4 Qd8+ 74. Kf7 Qxg5 {Game drawn by mutual agreement} 1/2-1/2

[Event "Team 45 45 League T32"]
[Site "Internet Chess Club"]
[Date "2007.02.10"]
[Round "4"]
[White "Ghashgork"]
[Black "sdcohle"]
[Result "1-0"]
[WhiteElo "1452"]
[BlackElo "1394"]
[ECO "B56"]
[TimeControl "2700+45"]

1. e4 c5 2. Nf3 d6 3. d4 cxd4 4. Nxd4 Nf6 5. Nc3 Nc6 6. Be3 g6 7. Qd2 Bg7 8.
O-O-O O-O 9. Bh6 Nxd4 10. Bxg7 Kxg7 11. Qxd4 a6 12. e5 Ne8 13. exd6+ Kg8 14. d7
Nd6 15. dxc8=Q Rxc8 16. f3 Qc7 17. Bd3 Rfd8 18. Qb4 b5 19. Qb3 Rb8 20. a3 e6 21.
h3 Nb7 22. Ne4 Qb6 23. Rd2 f5 24. Ng5 Nc5 25. Qc3 Nxd3+ 26. Rxd3 Rbc8 27. Rxd8+
Rxd8 28. Qf6 Qe3+ 29. Kb1 Rd7 30. Qxe6+ Qxe6 31. Nxe6 Rd6 32. Nc5 Kf7 33. Kc1 a5
34. Rd1 Rc6 35. Nd3 Kf6 36. g3 g5 37. Nf2 h5 38. Rd5 Rb6 39. g4 hxg4 40. hxg4
fxg4 41. fxg4 a4 42. Ne4+ Ke6 43. Rxg5 Kf7 44. Rf5+ Kg6 45. Rd5 Rb7 46. Kd2 b4
47. Rd6+ Kg7 48. Ra6 bxa3 49. bxa3 Rd7+ 50. Ke3 Rc7 51. c3 Re7 52. Rxa4 Re6 53.
c4 Kg6 54. c5 Kg7 55. Rc4 Kf8 56. c6 Re8 57. c7 Rc8 58. Nd6 Rxc7 59. Rxc7 Kg8
60. Kf4 Kf8 61. Kf5 Kg8 62. Kf6 Kh8 63. Kg6 Kg8 64. Rc8# {Black checkmated} 1-0